 Dungeon Crawl Stone Soup version 0.28.0-1-gb440e238dd (webtiles) character file.

Game seed: 17071628819790372327

2449 Hrothgar the Covered (level 9, -13/78 HPs)
             Began as a Hill Orc Fighter on Feb 22, 2022.
             Was a Priest of Nemelex Xobeh.
             Killed from afar by an efreet (31 damage)
             ... with a bolt of fire
             ... on level 8 of the Dungeon.
             The game lasted 00:46:16 (7132 turns).

Hrothgar the Covered (Hill Orc Fighter)             Turns: 7132, Time: 00:46:17

Health: -13/78     AC:  9    Str: 18 (19) XL:     9   Next: 49%
Magic:  0/12       EV:  8    Int:  9 (10) God:    Nemelex Xobeh [***...]
Gold:   481        SH:  8    Dex: 10 (12) Spells: 10/11 levels left

rFire   x . .      SeeInvis .   l - +8 woodcutter's axe {vorpal}
rCold   + . .      Faith    .   m - +0 kite shield
rNeg    . . .      Spirit   +   b - +0 scale mail
rPois   .          Reflect  .   c - +0 helmet
rElec   .          Harm     .   (no cloak)
rCorr   .          Rampage  .   (no gloves)
Will    .....                   (no boots)
Stlth   +.........              p - amulet of guardian spirit
HPRegen 0.23/turn               s - ring of wizardry
MPRegen 0.13/turn               n - ring of ice

@: no status effects
A: no striking features
a: Renounce Religion, Draw Escape, Draw Destruction, Draw Summoning, Triple Draw


You were on level 8 of the Dungeon.
You worshipped Nemelex Xobeh.
Nemelex Xobeh was most pleased with you.
You visited 1 branch of the dungeon, and saw 8 of its levels.

You collected 481 gold pieces.

Inventory:

Hand Weapons
 l - the +8 woodcutter's axe (weapon) {vorpal}
   (You found it on level 4 of the Dungeon)

   It inflicts extra damage upon your enemies.
Missiles
 e - 11 poisoned darts (quivered)
 g - 105 sling bullets
 i - 4 bolts
Armour
 b - a +0 scale mail (worn)
 c - a +0 helmet (worn)
 m - a +0 kite shield (worn)
Jewellery
 k - a ring of flight
 n - a ring of ice (right hand)
 p - an amulet of guardian spirit (around neck)
 s - a ring of wizardry (left hand)
Wands
 a - a wand of iceblast (8)
Scrolls
 j - a scroll of vulnerability
 o - 2 scrolls of amnesia
 t - a scroll of immolation {unknown}
Potions
 d - 2 potions of degeneration
 h - a potion of invisibility
 q - 2 potions of mutation {unknown}
 r - 3 potions of haste {unknown}


   Skills:
 * Level 6.4 Fighting
 * Level 6.3(6.6) Axes
 + Level 2.4(4.1) Maces & Flails
 * Level 4.0 Throwing
 * Level 6.9 Armour
 * Level 2.5 Dodging
 * Level 3.1 Stealth
 * Level 5.1 Shields
 * Level 1.8 Spellcasting
 * Level 4.1 Invocations


You had 10 spell levels left.
You knew the following spells:

 Your Spells              Type           Power      Damage    Failure   Level
a - Foxfire               Conj/Fire      0%         2x1d4     69%         1

Your spell library contained the following spells:

 Spells                   Type           Power      Damage    Failure   Level
 Conjure Flame            Conj/Fire      0%         6-21      96%         3
 Inner Flame              Hex/Fire       0%         N/A       96%         3
 Flame Wave               Conj/Fire      0%         2d4       100%        4


Dungeon Overview and Level Annotations

Branches:
Dungeon (8/15)             Temple (0/1) D:7
   Lair: D:8-11

Altars:
Ashenzari
Cheibriados
Fedhas
Gozag
Hepliaklqana
Kikubaaqudgha
Nemelex Xobeh
Uskayaw


Message History

Magic restored.
You start resting.
An efreet comes into view.
It is wielding a +4 scimitar of flaming.
Press: ? - help, v - describe, . - travel
Here: an efreet, wielding a +4 scimitar of flaming (wandering, hasn't noticed you)
The floor.
The efreet closely misses you.
You draw a card...
You have drawn the Tomb.
Walls emerge from the floor!
You block the efreet's attack.
Okay, then.
Aiming: Iceblast
Press: ? - help, Shift-Dir - straight line, f - efreet
Aim: an efreet, wielding a +4 scimitar of flaming That beam is likely to hit you.
Continue anyway?
The mass of ice explodes!
The iceblast engulfs the efreet.
The efreet is frozen!
The efreet is lightly wounded.
The iceblast engulfs you! You partially resist. The efreet barely misses you.
You hit the efreet.
The efreet is moderately wounded.
The efreet gestures at you. The bolt of fire hits you!!!
The fire burns you terribly!
* * * LOW HITPOINT WARNING * * *
You feel much better.
The efreet hits you with a +4 scimitar of flaming.
The efreet burns you.
You draw a card...
You have drawn the Elixir.
You begin rapidly regenerating health and magic.
The efreet gestures at you. The bolt of fire hits you!!
The fire burns you terribly!
* * * LOW HITPOINT WARNING * * *
Unknown command.
You draw a card...
You have drawn the Tomb.
Nothing appears to happen.
The efreet closely misses you.
You draw a card...
You have drawn the Cloud.
Clouds appear around you!
The deck of cards glows slightly and disappears.
The efreet gestures at you. The bolt of fire hits you!!
The fire burns you terribly!
You die...
Your body glows slightly and disappears.

.# #..#*.#*,***,###.* **,,,**
.###.###.#*,,,,,,...* **+**
.........#*,,,,,,..######.##**
####.#####*,***,*#.#.......>.##**
#.# *,* #,*#.#.####.#....,, #.#
*,* #.##.#.###.....#**, #.# *,*
#..............,,*, #.#
#.######§#.###....,*,*, ####.#
#...)#@R§#.# ##.#.,,,., .....#
##########)###).##...., ######
#..))........, ##.)######..#,
#.##,,,,**,** ##.#,****,*,**
#..#,*,*,,*,,, #..#,**,*,+,**
#..#,,*******8


You could see an efreet.

Vanquished Creatures
  An acid dragon (D:7)
  2 water moccasins (D:8)
  3 sky beasts
  2 black bears
  2 ogres
  A centaur (D:7)
  A kobold brigand (D:6)
  A wyvern zombie (D:4)
  A bullfrog (D:8)
  A water moccasin zombie (D:5)
  A wyvern skeleton (D:7)
  2 water moccasin skeletons
  A centaur zombie (D:8)
  3 hounds (D:6)
  An orc priest (D:8)
  A gnoll shaman (D:3)
  A centaur skeleton (D:7)
  An iron imp (D:4)
  An iguana (D:6)
  Natasha (thrice) (D:2)
  3 orc wizards
  2 killer bee zombies
  A hound skeleton (D:4)
  3 gnolls (D:3)
  A howler monkey skeleton (D:5)
  6 adders
  A shadow imp (D:7)
  A dart slug (D:3)
  14 orcs
  4 endoplasms
  5 giant cockroaches
  9 goblins
  7 hobgoblins
  9 jackals
  11 kobolds
  3 quokkas
  A ball python (D:4)
  5 bats
  4 rats
120 creatures vanquished.

Vanquished Creatures (collateral kills)
  2 gnolls (D:3)
2 creatures vanquished.

Vanquished Creatures (others)
  Maurice (D:8)
1 creature vanquished.

Grand Total: 123 creatures vanquished

Notes
Turn   | Place    | Note
-------+----------+-------------------------------------------
     0 | D:1      | Hrothgar the Hill Orc Fighter began the quest for the Orb.
     0 | D:1      | Reached XP level 1. HP: 19/19 MP: 1/1
   138 | D:1      | Reached XP level 2. HP: 27/27 MP: 2/2
   723 | D:1      | Reached skill level 1 in Throwing
   723 | D:1      | Reached XP level 3. HP: 33/33 MP: 3/3
  1517 | D:2      | Noticed Natasha
  1522 | D:2      | Killed Natasha
  1523 | D:2      | Reached XP level 4. HP: 39/40 MP: 4/4
  1680 | D:2      | Found a faded altar of an unknown god.
  1689 | D:2      | Prayed at the altar of an unknown god.
  1689 | D:2      | Became a worshipper of Nemelex Xobeh the Trickster
  1689 | D:2      | Reached * piety under Nemelex Xobeh
  1689 | D:2      | Received a gift from Nemelex Xobeh
  1866 | D:2      | Noticed Natasha
  1872 | D:2      | Killed Natasha
  1887 | D:2      | Noticed Natasha
  1898 | D:2      | Killed Natasha
  1899 | D:2      | Reached XP level 5. HP: 45/47 MP: 5/5
  2084 | D:3      | Received a gift from Nemelex Xobeh
  2379 | D:3      | Reached skill level 1 in Stealth
  2385 | D:3      | Reached skill level 1 in Maces & Flails
  2631 | D:3      | Reached XP level 6. HP: 43/53 MP: 6/6
  2737 | D:3      | Reached ** piety under Nemelex Xobeh
  2738 | D:3      | Found an opulent altar of Gozag.
  2865 | D:3      | Found a blossoming altar of Fedhas.
  3131 | D:4      | Found a snail-covered altar of Cheibriados.
  3357 | D:4      | Found the +8 woodcutter's axe {vorpal}
  3469 | D:4      | Reached skill level 1 in Invocations
  3557 | D:4      | Found a hide-covered altar of Uskayaw.
  3561 | D:4      | Found a broken altar of Ashenzari.
  3971 | D:5      | Entered Level 5 of the Dungeon
  4056 | D:5      | Reached XP level 7. HP: 43/60 MP: 5/8
  4225 | D:5      | Reached skill level 1 in Dodging
  4257 | D:5      | Found a hazy altar of Hepliaklqana.
  4343 | D:5      | Reached skill level 5 in Armour
  4608 | D:5      | Reached skill level 5 in Fighting
  4767 | D:6      | Reached XP level 8. HP: 62/68 MP: 7/9
  4771 | D:6      | Reached *** piety under Nemelex Xobeh
  4829 | D:6      | Learned a level 1 spell: Foxfire
  4950 | D:6      | Reached skill level 5 in Axes
  5194 | D:6      | Reached skill level 1 in Spellcasting
  6008 | D:7      | Found an ancient bone altar of Kikubaaqudgha.
  6155 | D:7      | Reached XP level 9. HP: 60/75 MP: 7/11
  6265 | D:7      | Found a staircase to the Ecumenical Temple.
  6835 | D:8      | Received a gift from Nemelex Xobeh
  6979 | D:8      | Noticed Maurice
  7006 | D:8      | Killed Maurice
  7007 | D:8      | Reached skill level 5 in Shields
  7123 | D:8      | Noticed an efreet
  7132 | D:8      | Killed from afar by an efreet

Illustrated notes

Levels and vault maps discovered:
D:1:      dpeg_arrival_round_b, layout_basic
D:2:      layout_loops_cross, shapermc_ecumenical_altar_mp_highgroup,
          lemuel_old_faithful, uniq_natasha
D:3:      layout_rooms, lemuel_doored_altar, mainiacjoe_overflow_catwalk
D:4:      layout_basic, chei_slow_surprise, amethyst_overflow_temple_binary
D:5:      layout_rooms, mainiacjoe_overflow_alcove_2
D:6:      layout_loops_ring
D:7:      layout_loops_ring, general_overflow_altar, temple_doors_e
D:8:      layout_loops_corners, minmay_hollow_rounded_squares, uniq_maurice

Skill      XL: |  1  2  3  4  5  6  7  8  9 |
---------------+----------------------------+-----
Axes           | 3 4 5 6 |  6.3
Throwing       | 1 2 3 4 |  4.0
Fighting       | 4 5 6 |  6.4
Armour         | 4 5 6 |  6.9
Stealth        | 1 2 3 |  3.1
Maces & Flails | 1 2 |  2.4
Invocations    | 1 2 3 4 |  4.1
Dodging        | 1 2 |  2.5
Shields        | 4 5 |  5.1
Spellcasting   | 1 |  1.8

Action                   |  1- 3 |  4- 6 |  7- 9 || total
-------------------------+-------+-------+-------++-------
Melee: War axe           |    85 |    25 |   117 ||   227
       Whip              |       |    48 |       ||    48
       Flail             |       |    52 |       ||    52
       Short sword       |       |    20 |       ||    20
Throw: Dart              |    28 |    41 |    30 ||    99
Invok: Draw Destruction  |       |    12 |     1 ||    13
       Draw Summoning    |       |     1 |       ||     1
       Draw Escape       |       |       |     7 ||     7
       Triple Draw       |       |       |     1 ||     1
Evoke: Wand              |       |       |     1 ||     1
  Use: Scroll            |     1 |     4 |     7 ||    12
       Potion            |     1 |     2 |     3 ||     6
Armor: Scale mail        |    53 |    59 |    34 ||   146
Dodge: Dodged            |    35 |    66 |    34 ||   135
Block: Buckler           |    21 |    30 |       ||    51
       Kite shield       |       |     1 |    53 ||    54
